 Dungeon Crawl Stone Soup version 0.29.0-4-gdea44cf6ec (webtiles) character file.

Game seed: 13942059028981949150

0 gelatine the Sneak (level 1, -6/10 HPs)
             Began as a Felid Delver on Aug 27, 2022.
             Was an Initiate of Dithmenos.
             Mangled by a gnoll
             ... wielding a +2 whip of freezing
             ... led by a gnoll bouda
              (8 damage)
             ... on level 5 of the Dungeon.
             The game lasted 00:01:38 (92 turns).

gelatine the Sneak (Felid Delver)                     Turns: 92, Time: 00:01:40

Health: -6/10      AC:  1    Str:  8    XL:     1   Next: 0%
Magic:  2/2        EV: 17    Int: 11    God:    Dithmenos [......]
Gold:   0          SH:  0    Dex: 17    Spells: 0/0 levels left
                                        Lives:  0   Deaths: 0

rFire   . . .      SeeInvis +     - Unarmed
rCold   . . .      Faith    .   (shield unavailable)
rNeg    . . .      Spirit   .   (body armour unavailable)
rPois   .          Reflect  .   (helmet unavailable)
rElec   .          Harm     .   (cloak unavailable)
rCorr   .          Rampage  .   (gloves unavailable)
Will    .....                   (boots unavailable)
Stlth   +++.......              (no amulet)
HPRegen 0.03/turn               (no ring)
MPRegen 0.08/turn               (no ring)

@: quick
A: very small, claws 1, fangs 3, see invisible, speed 1, shaggy fur 1, stealthy
paws, no weapons or thrown items, no armour, multi-lived
a: Renounce Religion


You were on level 5 of the Dungeon.
You worshipped Dithmenos.
Dithmenos was noncommittal.
You visited 1 branch of the dungeon, and saw 1 of its levels.

Inventory:

Wands
 e - a wand of digging (3)
Scrolls
 a - a scroll of fog
 c - a scroll of identify {unknown}
 f - a scroll of vulnerability {unknown}
Potions
 d - a potion of haste


   Skills:
 + Level 3.0 Fighting
 + Level 2.6 Dodging
 + Level 6.6 Stealth
 + Level 2.0 Unarmed Combat


You couldn't memorise any spells.
You didn't know any spells.
Your spell library was empty.

Dungeon Overview and Level Annotations

Branches:
Dungeon (5/15)
 Temple: D:4-7

Altars:
Dithmenos


Innate Abilities, Weirdness & Mutations

You have sharp claws.
You have razor-sharp teeth.
You have supernaturally acute eyesight. (SInv)
You cover ground quickly. (Speed+)
You are covered in fur. (AC +1)
Your paws help you pounce on unaware monsters.
You are incapable of wielding weapons or throwing items.
You cannot wear armour.
You gain extra lives every three experience levels.


Message History

Found a stone staircase leading down.
Found 8 stones.
Found a shadowy altar of Dithmenos.
Found a whip.
Found a ring mail.
Found a stone staircase leading down.
Found 8 stones.
Why would you want to do that?
Found a scroll labelled TIMNUE NO HEA.
An iguana comes into view.
You see here a scroll labelled SIGARE VODGH.
There is a shadowy altar of Dithmenos here.
You sit before the altar of Dithmenos.
Dithmenos welcomes you!
Okay, then.
As you read the scroll of fear, it crumbles to dust.
You assume a fearsome visage.
The iguana looks frightened!
You see here a scroll labelled SIGARE VODGH.
c - a scroll labelled SIGARE VODGH Cornered, the iguana turns to fight!
You see here a scroll labelled TIMNUE NO HEA.
f - a scroll labelled TIMNUE NO HEA
As you read the scroll of magic mapping, it crumbles to dust.
You feel aware of your surroundings.
You sensed 1 shop/portal.
A gnoll comes into view. It is wielding a +0 spear.
A gnoll comes into view. It is wielding a +2 whip of freezing.
A gnoll bouda comes into view. It is wielding a +0 whip.
The gnoll shouts!
A gnoll comes into view. It is wielding a +0 spear.
The gnoll closely misses you. The gnoll barely misses you.
The gnoll bouda shouts!
The gnoll shouts!
The gnoll closely misses you.
The gnoll bouda hits you with a +0 whip!
Ouch! That really hurt!
* * * LOW HITPOINT WARNING * * *
The gnoll misses you.
The gnoll hits you with a +2 whip of freezing!
Ouch! That really hurt!
You die...

*,,*,,,,** *,** *, #..*##..* *,*
*, #..##..#* *,** *, #####......#
*,,********, # #..........#
**,.,,,,,,,,, ###.###......##
**...,,,,,,,,,
.§............######....,,,,,,,,,
≈≈≈.≈≈≈).........g......,,,,,,,,,
.§....≈........g@.......*,,,,,,,,
≈≈≈.≈.≈...##..gg........***,,,,,,
≈...≈.≈..#####.....##...***,,,,,,
≈._.≈.≈..# ##...##**#.,***,,,,,
≈..(≈.≈..# #...# **,,,,,,,,,
≈≈≈≈≈.≈..# ##..#* **,,,,,,,,
.§....≈..# ###.# *,,,,,,,,
≈§≈≈≈≈≈..# *##** **,,,,,,,
.§...l...# *,** *,,,,,**


You could see a gnoll bouda and 3 gnolls.

Vanquished Creatures (others)
  2 demonic plants (D:5)
2 creatures vanquished.

Notes
Turn   | Place    | Note
-------+----------+-------------------------------------------
     0 | D:5      | gelatine the Felid Delver began the quest for the Orb.
     0 | D:5      | Reached XP level 1. HP: 10/10 MP: 2/2
     6 | D:5      | Found a shadowy altar of Dithmenos.
    28 | D:5      | Noticed an iguana
    41 | D:5      | Became a worshipper of Dithmenos the Shadowed
    87 | D:5      | Noticed a gnoll bouda
    92 | D:5      | Mangled by a gnoll

Illustrated notes

Levels and vault maps discovered:
D:5:      layout_layer_cave, mainiacjoe_overflow_concentric_impassable,
          serial_demonic, serial_demonic_d, serial_demonic_c, serial_demonic_c,
          serial_demonic_e, serial_demonic_c

Action                   || total
-------------------------++-------
  Use: Scroll            ||     2
Dodge: Dodged            ||     4
